Unix NetHack Version 5.0.0-0 post-release - last build May 31 2026 23:59:36 (970b52f25bf058293b47ddfd14a1e40e571c508c,branch:main).

Game began 2026-06-03 17:29:21, ended 2026-06-03 17:49:37.

JesusFcknChrist, lawful female human Samurai

                                                      --------------
                                                     #.............|
                 -----           --------------      #|............|
     --------    |.(%|           |.........`..|      #|.....(......|
     |.......#   |...|          #-............|      #|............|
     |......|####....-###########|............|      #--------.-----
     |.......#   ---.-        # #|............|      #        #####
     -----|--       #         # #-.------------      #            ##
          #         #         # ##########           #             #
          #         #         #         #####       ##             ##
          #         #       ###         ########    #        ###    #####
          #      ###############    -----------.--- #      ##########   #
 ---------.--    #--|---#           |.............|##      -------.-.---|-
 |..........|    #|.....#           |.............|#       |@............|
 |....x.....|#####|...[|            |..............#       |.............|
 |..........-#    |.>..|            |.............|        |.............|
 ------------     |....|            ---------------        ---------------
                  ------

JesusFcknChrist the Ronin  St:14 Dx:18 Co:18 In:10 Wi:7 Ch:8  Lawful
Dlvl:1  $:33 HP:29(29) Pw:21(21) AC:4  Xp:3 T:1348 

Latest messages:
 What do you want to drink? [gi or ?*] q
 You don't have that object.
 What do you want to drink? [gi or ?*] g
 Magical energies course through your body.
 What do you want to drink? [i or ?*] i
 You are suddenly moving faster.
 You faint from lack of food.
 You regain consciousness.
 You don't have anything to eat.
 You know "cure sickness" quite well already.
 Refresh your memory anyway? [yn] (n) n
 You don't have anything to zap.
 You don't have anything to zap.
 You don't have anything to zap.
 You don't have anything to zap.
 There appears to be no shopkeeper here to receive your payment.
 You don't have anything else to put on.
 You don't have anything else to put on.
 There appears to be no shopkeeper here to receive your payment.
 You don't have anything else to put on.
 There appears to be no shopkeeper here to receive your payment.
 Are you sure you want to pray? [yn] (n) y
 You begin praying to Amaterasu Omikami.
 You are surrounded by a shimmering light.
 You finish your prayer.
 You feel that Amaterasu Omikami is pleased.
 Your stomach feels content.
 You can hear again.
 You can't go down here.
 You climb up the stairs.
 You climb up the stairs.
 You see here a statue of a newt.
 You can't go down here.
 You climb up the stairs.
 You descend the stairs.
 You see here a statue of a newt.
 You hear bubbling water.
 You feel yourself slow down a bit.
 You see here an empty unlocked chest.
 The door opens.
 You climb up the stairs.
 The newt misses!
 The newt bites!
 Beware, there will be no return!  Still climb? [yn] (n) n
 Beware, there will be no return!  Still climb? [yn] (n) y
 Do you want your possessions identified? [ynq] (y) n
 Do you want to see your attributes? [ynq] (y) n
 Do you want an account of creatures vanquished? [ynaq] (y) n
 Do you want to see your conduct and achievements? [ynq] (y) n
 Do you want to see the dungeon overview? [ynq] (y) n

Inventory:
 Coins    ('$')
  $ - 33 gold pieces
 Weapons  (')')
  a - a +0 katana (weapon in right hand)
 Armor    ('[')
  e - an uncursed rustproof +0 splint mail (being worn)
 Spellbooks  ('+')
  p - an uncursed spellbook of cure sickness
  n - an uncursed spellbook of sleep
 Rings    ('=')
  o - an uncursed ring of see invisible (on right hand)

JesusFcknChrist the Samurai's attributes:

Background:
 You were a Ronin, a level 3 female human Samurai.
 You were lawful, on a mission for Amaterasu Omikami
 who was opposed by Raijin (neutral) and Susanowo (chaotic).
 You were right-handed.
 You were in the Dungeons of Doom, on level 1.
 You entered the dungeon 1348 turns ago.
 You had 58 experience points, 22 more were needed to attain level 4.

Basics:
 You had all 29 hit points.
 You had all 21 energy points (spell power).
 Your armor class was 4.
 Your wallet contained 33 zorkmids.
 Autopickup was off.

Final Characteristics:
 Your strength was 14 (limit:18/100).
 Your dexterity was 18 (limit:18).
 Your constitution was 18 (limit:18).
 Your intelligence was 10 (limit:18).
 Your wisdom was 7 (limit:18).
 Your charisma was 8 (limit:18).

Final Status:
 You weren't hungry.
 You were unencumbered.
 You were wielding a long sword.
 You had basic skill with long sword.

Final Attributes:
 You were fervently aligned.
 You saw invisible.
 You would have confused monsters when hitting them.
 You were warded.
 Your spell casting was impaired by metallic armor.
 You were fast.
 You survived.

Miscellaneous:
 You didn't encounter any bones levels.
 Total elapsed playing time was 20 minutes and 15 seconds.

Major events:
 Turn
    1: JesusFcknChrist the lawful female human Samurai entered the dungeon
  320: attained the rank of Ronin (level 3)
 1348: escaped

Spells:
 Name                 Level Category     Fail Retention
 sleep                  3   enchantment  100%  76%-100%
 cure sickness          3   healing      100%  76%-100%

Skills:
 Fighting Skills
   martial arts      [Basic]
   two weapon combat [Unskilled]
   riding            [Unskilled]
 Weapon Skills
   dagger            [Unskilled]
   knife             [Unskilled]
   short sword       [Basic]
   broadsword        [Unskilled]
   long sword        [Basic]
   two-handed sword  [Unskilled]
   saber             [Unskilled]
   flail             [Unskilled]
   quarterstaff      [Unskilled]
   polearms          [Unskilled]
   spear             [Unskilled]
   lance             [Unskilled]
   bow               [Basic]
   shuriken          [Unskilled]
 Spellcasting Skills
   attack spells     [Unskilled]
   divination spells [Unskilled]
   clerical spells   [Unskilled]

Voluntary challenges:
 Character rerolling was not enabled.
 You went without food.
 You never genocided any monsters.
 You never polymorphed an object.
 You never changed form.
 You used no wishes.
Achievement:
 You attained the rank of Ronin.

 The Dungeons of Doom: levels 1 to 4
    Level 1: <- You left from here.
       A grave.
    Level 2:
       A fountain.
    Level 3:
       An altar to Amaterasu Omikami.
    Level 4:


Vanquished creatures:
  a shrieker
  a little dog
  a large kobold
  2 geckos
  2 foxes
  a kobold
  a sewer rat
  3 grid bugs
  2 bats
  a lichen
  3 newts
18 creatures vanquished.

No species were genocided or became extinct.

Sayonara JesusFcknChrist the Samurai...

You escaped from the dungeon with 445 points,
and 33 pieces of gold, after 1348 moves.
You were level 3 with a maximum of 29 hit points when you escaped.

